Workbook

Sheet Tablero
B2: TABLERO DE RENDICIÓN DE CUENTAS
B3: ACTUALIZADO AL 31 DE ENERO DEL 2026
B4: GOBERNACIÓN DEPARTAMENTAL DE SUCHITEPÉQUEZ
O5: Información Pública
B7: AUTORIDADES | E7: GESTIÓN DE PRESUPUESTO | H7: EJECUCIÓN PRESUPUESTARIA POR GRUPOS DE GASTO | K7: EJECUCIÓN PRESUPUESTARIA POR CLASIFICACIÓN GEOGRÁFICA | N7: SERVICIOS PERSONALES, TÉCNICOS Y PROFESIONALES
B8: Gobernador Departamental | C8: Licda. Aura Mariana Enriquez Cotton | E8: Presupuesto vigente 2025 | F8: =Hoja3!B6 -> 3812202 | H8: Grupo 000 | I8: =Hoja3!B14 -> 169174.79 | K8: Región (IV) Suroccidente: Suchitepéquez | L8: =F10 -> 201754.84 | N8: Presupuesto para pago de salarios y honorarios | O8: =Hoja3!B24 -> 1748820
H9: Grupo 100 | I9: =Hoja3!B16 -> 32580.05
B10: Jefe Administrativo Financiero | C10: Lic. Marco Tulio Cifuentes Marín | E10: Presupuesto ejecutado | F10: =Hoja3!B9 -> 201754.84 | H10: Grupo 200 | I10: =Hoja3!B18 -> 0 | N10: Presupuesto ejecutado en pago de salarios y honorarios | O10: =Hoja3!B14 -> 169174.79
H11: Grupo 300 | I11: =Hoja3!B20 -> 0
B13: Subjefe Financiero | C13: Licda. Ligia Josefina Hernández Reyes | E13: Porcentaje de ejecución | F13: 0.0529 | N13: Porcentaje de ejecución en el pago de salarios y honorarios | O13: =O10/O8 -> 0.096736537
H14: EJECUCIÓN POR FINALIDADES
B15: Asistente de Recursos Humanos | C15: Oscar Roberto Santis Torres | H15: Finalidad A | I15: Q.000,000,000.00
N16: Personal permanente 011 | O16: 10 personas
H17: Finalidad B | I17: Q.000,000,000.00 | N17: Servicios técnicos o profesionales 029 | O17: 11 personas
H18: Finalidad C | I18: Q.000,000,000.00 | N18: Servicios técnicos o profesionales subgrupo 18 | O18: 02 personas
D21: Descripción del programa | F21: Presupuesto vigente | H21: Presupuesto ejecutado | I21: Procentaje de ejecución | K21: PRINCIPALES AVANCES O LOGROS AL 31 DE ENERO DE 2026
B22: PROGRAMAS PRESUPUESTA-RIOS | C22: PROGRAMA 15 | D22: Servicios de Gobierno Departamental y Registro de Personas Jurídicas Unidad Ejecutora 224 | F22: =F8 -> 3812202 | H22: =F10 -> 201754.84 | I22: =F13 -> 0.0529

Sheet Hoja3
A1: Región 1: Guatemala | B1: 20575616
A2: Región 10: Servicios en el exterior | B2: 694873.6
A6: VIGENTE | B6: 3812202
C8: =B9/B6 -> 0.052923439 | D8: =C8*100 -> 5.2923439
A9: EJECUTADO | B9: =E15 -> 201754.84
A13: EJECUTADO
A14: GRUPO 000 | B14: 169174.79 | M14: 1492745.1 | P14: =B14-M14 -> -1323570.3
E15: =SUM(B14:B20) -> 201754.84 | P15: =B15-M15 -> 0
A16: GRUPO 100 | B16: 32580.05 | M16: 594493.34 | P16: =B16-M16 -> -561913.29
P17: =B17-M17 -> 0
A18: GRUPO 200 | B18: 0 | M18: 252469.08 | P18: =B18-M18 -> -252469.08
P19: =B19-M19 -> 0
A20: GRUPO 300 | B20: 0 | M20: 22468.1 | P20: =B20-M20 -> -22468.1
A24: ASIGNADO GRUPO 0 | B24: 1748820 | H24: 1748820 | I24: 0
H25: 1525169 | I25: 1
H26: 395703 | I26: 2
H27: 132500 | I27: 3
H28: 10010 | I28: ACT 2
H29: =SUM(H24:H28) -> 3812202

Sheet Hoja2
A2: PRESUPUESTO VIGENTE PARA 2023 | B2: 497004000
A4: PRESUPUESTO EJECUTADO | B4: 21270490
A6: PORCENTAJE DE EJECUCIÓN | B6: 0.043
